 Dungeon Crawl Stone Soup version bcrawl-1.31.4 (webtiles) character file.

Game seed: 17000801224371785300

144133 Morbidden the Sneak (level 5, 0/45 HPs)
             Began as a Naga Archaeologist on June 12, 2021.
             Slain by a quasit (1 damage)
             ... on level 3 of the Dungeon.
             The game lasted 00:04:47 (2629 turns).

Morbidden the Sneak (Naga Archaeologist)            Turns: 2629, Time: 00:04:47

Health: 0/45       AC:  6    Str: 12    XL:     5   Next: 50%
Magic:  5/5        EV:  1    Int: 19    God:
Gold:   47         SH:  0    Dex: -4 (10) Spells: 4/4 levels left

rFire    . . .     SeeInvis +   a - +0 flail
rCold    . . .     Gourm    .   (no shield)
rNeg     . . .     Faith    .   c - +1 robe
rPois    +         Spirit   .   d - +1 hat
rElec    +         Reflect  .   (no cloak)
rCorr    .         Harm     .   s - +1 pair of gloves
MR       +....                  (no barding)
Stlth    ..........             n - amulet of magic regeneration
HPRegen  0.15/turn              (no ring)
MPRegen  0.34/turn              (no ring)

@: brilliant, slowed, lost dexterity, studying Throwing, very slow
A: large, see invisible, deformed body, magic resistance 1, poison resistance,
electricity resistance, slowness 2, slow metabolism 1, spit poison 1, weak 1, AC
+1
a: Spit Poison


You were on level 3 of the Dungeon.
You were very hungry.

You visited 1 branch of the dungeon, and saw 3 of its levels.

You collected 47 gold pieces.

Inventory:

Hand Weapons
 a - a +0 flail (weapon)
 b - a +0 blowgun
Missiles
 f - 6 curare-tipped needles
 j - 39 poisoned needles
 l - 146 poisoned tomahawks (quivered)
Armour
 c - a +1 robe (worn)
 d - a +1 hat (worn)
 s - a +1 pair of gloves (worn)
Jewellery
 n - an amulet of magic regeneration (around neck)
Scrolls
 g - a scroll of magic mapping
 i - a scroll of identify
 o - 2 scrolls of teleportation {unknown}
 q - 2 scrolls of enchant weapon {unknown}
 r - a scroll of blinking {unknown}
 t - 2 scrolls of fear
Comestibles
 e - 7 rations {!d}
 h - 5 chunks of flesh


   Skills:
 * Level 2.0 Fighting
 + Level 2.1 Maces & Flails
 + Level 0.2 Throwing
 * Level 1.4 Armour
 * Level 3.6 Dodging
 + Level 5.6 Stealth


You had 4 spell levels left.
You didn't know any spells.
Your spell library was empty.

Dungeon Overview and Level Annotations

Branches:
Dungeon (3/12)

Altars:
Qazlal


Innate Abilities, Weirdness & Mutations

You cannot wear boots.
Your serpentine skin is tough. (AC +1)
You have supernaturally acute eyesight. (SInv)
Armour fits poorly on your strangely shaped body.
Your system is resistant to poisons. (rPois)
You cover ground very slowly.
You have a slow metabolism.
You can spit poison.
You are resistant to hostile enchantments. (MR+)
You are resistant to electric shocks. (rElec)
You are weak. (Str -2)


Message History

You barely miss the quasit.
The quasit is heavily wounded.
The quasit bites you but does no damage.
The quasit claws you.
* * * LOW HITPOINT WARNING * * *
You feel clumsy.
The quasit claws you but does no damage.
The quasit bites you but does no damage.
The quasit claws you but does no damage. x2
The quasit bites you but does no damage.
The quasit claws you.
* * * LOW HITPOINT WARNING * * *
The quasit claws you but does no damage.
You closely miss the quasit.
The quasit is moderately wounded.
The quasit bites you.
* * * LOW HITPOINT WARNING * * *
You feel clumsy. The quasit claws you.
You die...

........#
........#
.......###
#........###
########...#
###.## #..#
##.############
#.....@5....(#
########.....#
#....# ....#
...# ...# ###


You could see a quasit.

Vanquished Creatures
  Terence (D:2)
  3 gnolls (D:2)
  An adder (D:2)
  2 oozes
  A worm (D:2)
  2 dart slugs (D:1)
  9 leopard geckos
  5 orcs
  4 bats
  3 giant cockroaches
  7 hobgoblins
  6 jackals (D:2)
  10 kobolds
  4 quokkas
  2 frilled lizards
  7 goblins
  7 rats
74 creatures vanquished.

Notes
Turn   | Place    | Note
-------+----------+-------------------------------------------
     0 | D:1      | Morbidden the Naga Archaeologist began the quest for the
                  | Orb.
     0 | D:1      | Reached XP level 1. HP: 18/18 MP: 1/1
   201 | D:1      | Reached XP level 2. HP: 20/25 MP: 2/2
   205 | D:1      | Reached skill level 5 in Stealth
   427 | D:1      | Reached XP level 3. HP: 30/31 MP: 3/3
  1094 | D:2      | Noticed Terence
  1107 | D:2      | Killed Terence
  1108 | D:2      | Reached XP level 4. HP: 24/38 MP: 4/4
  1341 | D:2      | Found a stormy altar of Qazlal.
  1587 | D:2      | Reached skill level 1 in Armour
  1909 | D:2      | Reached XP level 5. HP: 45/45 MP: 5/5
  1909 | D:2      | Identified a scroll of acquirement
  1910 | D:2      | Identified the ring of Eternal Harmony {Ice MR+ Str+3} (You
                  | acquired it on level 2 of the Dungeon)
  2411 | D:3      | Found a faded altar of an unknown god.
  2598 | D:3      | Gained mutation: You are weak. (Str -2) [potion of
                  | mutation]
  2598 | D:3      | Gained mutation: Your magical capacity is low. (-10% MP)
                  | [potion of mutation]
  2598 | D:3      | Gained mutation: You are somewhat resistant to further
                  | mutation. [potion of mutation]
  2599 | D:3      | Lost mutation: Your magical capacity is low. (-10% MP)
                  | [potion of mutation]
  2599 | D:3      | Lost mutation: You are somewhat resistant to further
                  | mutation. [potion of mutation]
  2599 | D:3      | Lost mutation: You are weak. (Str -2) [potion of mutation]
  2599 | D:3      | Gained mutation: You are weak. (Str -2) [potion of
                  | mutation]
  2599 | D:3      | Gained mutation: You are resistant to hostile enchantments.
                  | (MR+) [potion of mutation]
  2599 | D:3      | Gained mutation: You are resistant to electric shocks.
                  | (rElec) [potion of mutation]
  2624 | D:3      | Lost dexterity.
  2628 | D:3      | HP: 2/45 [quasit (1)]
  2629 | D:3      | Slain by a quasit

Skill      XL: |  1  2  3  4  5 |
---------------+----------------+-----
Stealth        | 5 |  5.6
Dodging        | 3 |  3.6
Armour         | 1 |  1.4
Maces & Flails | 2 |  2.1
Fighting       | 2 |  2.0
Throwing       | |  0.2

Action                   |  1- 3 |  4- 6 || total
-------------------------+-------+-------++-------
Melee: Whip              |    90 |     8 ||    98
       Flail             |       |   147 ||   147
Throw: Tomahawk          |     4 |    35 ||    39
 Abil: Spit Poison       |    13 |     4 ||    17
  Use: Potion            |     2 |     4 ||     6
       Scroll            |       |     4 ||     4
 Stab: Sleeping          |     6 |     4 ||    10
  Eat: Chunk             |     3 |     9 ||    12
Armor: Robe              |    31 |   177 ||   208
       Skin              |       |    96 ||    96
Dodge: Dodged            |    54 |   174 ||   228
